 Dungeon Crawl Stone Soup version 0.28.0-1-gb440e238dd (webtiles) character file.

Game seed: 13653113119711531009

1606 dolemite99 the Poker (level 8, -4/67 HPs)
             Began as a Gnoll Cinder Acolyte on Feb 19, 2022.
             Was an Elder of Ignis.
             Slain by a hornet (8 damage)
             ... on level 7 of the Dungeon.
             The game lasted 00:08:56 (8620 turns).

dolemite99 the Poker (Gnoll Cinder Acolyte)         Turns: 8620, Time: 00:08:56

Health: -4/67      AC:  9    Str: 16    XL:     8   Next: 94%
Magic:  14/15      EV: 11    Int: 14    God:    Ignis [****..]
Gold:   318        SH:  0    Dex:  7    Spells: 14/16 levels left

rFire   + + .      SeeInvis .   a - -1 spear (flame)
rCold   x . .      Faith    .   (no shield)
rNeg    . . .      Spirit   .   p - +0 ring mail
rPois   .          Reflect  .   v - +0 helmet
rElec   .          Harm     .   (no cloak)
rCorr   .          Rampage  .   (no gloves)
Will    .....                   t - +1 pair of boots
Stlth   +.........              F - amulet of magic regeneration
HPRegen 0.21/turn               h - ring of fire
MPRegen 0.54/turn               e - ring of wizardry

@: lethally poisoned (-4 -> -26), slowed, very slow
A: fangs 1, strong nose, distributed training
a: Renounce Religion, Fiery Armour, Foxfire Swarm, Rising Flame


You were on level 7 of the Dungeon.
You worshipped Ignis.
Ignis was greatly pleased with you.
You visited 2 branches of the dungeon, and saw 8 of its levels.

You collected 338 gold pieces.
You spent 20 gold pieces at shops.

Inventory:

Hand Weapons
 a - a -1 spear of flaming (weapon)
 b - a +0 hunting sling
 s - a +0 vorpal flail
Missiles
 f - 187 stones (quivered)
 g - 49 arrows
 l - 18 bolts
 w - 4 poisoned darts
 z - 37 sling bullets
 B - 5 javelins
Armour
 d - an orb of wrath
 m - a +0 leather armour
 p - a +0 ring mail (worn)
 t - a +1 pair of boots (worn)
 v - a +0 helmet (worn)
 H - a +0 robe
Jewellery
 e - a ring of wizardry (right hand)
 h - a ring of fire (left hand)
 o - a ring of protection from fire
 x - an amulet of the acrobat
 E - a ring of willpower
 F - an amulet of magic regeneration (around neck)
Wands
 A - a wand of iceblast (2)
Scrolls
 c - a scroll of fog
Potions
 i - 2 potions of flight {unknown}
 j - a potion of resistance
 k - 5 potions of heal wounds
 n - 3 potions of curing
 q - a potion of haste
 r - 2 potions of magic
 u - a potion of cancellation {unknown}
 C - 3 potions of lignification {unknown}
 I - a potion of degeneration {unknown}
 K - a potion of berserk rage {unknown}


   Skills:
 + Level 7.6 Fighting
 + Level 3.7 Short Blades
 + Level 3.7 Long Blades
 + Level 3.7 Axes
 + Level 3.7 Maces & Flails
 + Level 7.6 Polearms
 + Level 3.7 Staves
 + Level 3.7 Slings
 + Level 3.7 Bows
 + Level 3.7 Crossbows
 + Level 3.7 Throwing
 + Level 3.7 Armour
 + Level 3.7 Dodging
 + Level 3.7 Stealth
 + Level 3.7 Shields
 + Level 3.7 Unarmed Combat
 + Level 4.7 Spellcasting
 + Level 3.0 Conjurations
 + Level 3.0 Hexes
 + Level 3.0 Summonings
 + Level 3.0 Necromancy
 + Level 3.0 Translocations
 + Level 3.0 Transmutations
 + Level 6.3 Fire Magic
 + Level 3.0 Ice Magic
 + Level 3.0 Air Magic
 + Level 3.0 Earth Magic
 + Level 3.0 Poison Magic
 + Level 4.1 Invocations
 + Level 3.7 Evocations


You had 14 spell levels left.
You knew the following spells:

 Your Spells              Type           Power      Damage    Failure   Level
a - Scorch                Fire           62%        2d8       1%          2

Your spell library contained the following spells:

 Spells                   Type           Power      Damage    Failure   Level
 Inner Flame              Hex/Fire       24%        N/A       6%          3
 Cause Fear               Hex            5%         N/A       32%         4
 Discord                  Hex            5%         N/A       100%        8


Dungeon Overview and Level Annotations

Branches:
Dungeon (7/15)             Temple (1/1) D:4

Altars:
Ashenzari
Cheibriados
Dithmenos
Elyvilon
Gozag
Hepliaklqana
Kikubaaqudgha
Makhleb
Nemelex Xobeh
Okawaru
Qazlal
Sif Muna
Trog
Uskayaw
Wu Jian
Xom
Yredelemnul
Zin
The Shining One

Shops:
D:4 *   D:6 *

Annotations:
D:3 exclusion: downstairs


Innate Abilities, Weirdness & Mutations

You have very sharp teeth.
Your uncanny sense of smell can sniff out nearby items.
Your experience applies equally to all skills.


Message History

The hornet stings you!
You are poisoned.
You feel yourself slow down.
You feel very sick. The hornet misses you. The hornet completely misses you.
Casting: Scorch (safe; 1% risk of failure)
Confirm with . or Enter, or press ? or * to list all spells.
You feel a surge of power!
Flames lash the hornet.
The hornet is burned terribly!
The hornet is heavily wounded.
You feel yourself speed up.
You feel very sick. The hornet stings you.
You feel yourself slow down. The hornet stings you.
You feel as though you will be slow longer.
The hornet stings you.
You are more poisoned.
You feel as though you will be slow longer.
You feel very sick. The hornet stings you.
You are more poisoned.
You feel as though you will be slow longer.
The hornet stings you!
You suddenly lose the ability to move!
A shadow comes into view.
You can move again.
Casting: Scorch (safe; 1% risk of failure)
Confirm with . or Enter, or press ? or * to list all spells.
You feel a surge of power!
Flames lash the hornet.
The hornet is burned terribly!
The hornet is severely wounded.
* * * LOW HITPOINT WARNING * * *
You feel extremely sick. The hornet stings you.
* * * LOW HITPOINT WARNING * * *
You are more poisoned.
You feel as though you will be slow longer.
The hornet closely misses you.
* * * LOW HITPOINT WARNING * * *
You feel extremely sick. The hornet stings you!
You die...

##...## .#
##.....## .#
#.......#
##.....##
##...##
##..# ##.#
∆# ###.##.#
#...@yW# #.
#........#
.. ∆∆
#...........
#. ∩
#....#######
##. $ #...##
..##5 ##..#
# ..## #..#
#.###... #..
#!...<#.
#.....#.


You could see a hornet (combustible) and a shadow.

Vanquished Creatures
  A boulder beetle (D:6)
  Sigmund (D:2)
  2 water moccasins
  A sky beast (D:6)
  An ogre (D:5)
  A bullfrog (D:6)
  A water moccasin zombie (D:5)
  A howler monkey (D:4)
  An orc priest (D:3)
  A bullfrog skeleton (D:4)
  Ijyb (D:4)
  2 iguanas
  An orc wizard (D:7)
  A hound zombie (D:5)
  A howler monkey zombie (D:7)
  2 adders (D:2)
  2 white imps (D:5)
  2 ufetubi
  An adder skeleton (D:3)
  A worm (D:5)
  15 orcs
  10 ball pythons
  5 bats
  4 endoplasms
  A giant cockroach (D:3)
  10 goblins
  5 hobgoblins
  6 kobolds
  2 quokkas (D:3)
  5 rats
88 creatures vanquished.

Vanquished Creatures (others)
  29 foxfires (D:1)
29 creatures vanquished.

Grand Total: 117 creatures vanquished

Notes
Turn   | Place    | Note
-------+----------+-------------------------------------------
     0 | D:1      | dolemite99 the Gnoll Cinder Acolyte began the quest for the
                  | Orb.
     0 | D:1      | Reached XP level 1. HP: 23/23 MP: 4/4
   127 | D:1      | Found a faded altar of an unknown god.
   151 | D:1      | Reached XP level 2. HP: 14/29 MP: 5/5
  1090 | D:2      | Reached XP level 3. HP: 35/35 MP: 7/7
  1150 | D:2      | Learned a level 2 spell: Scorch
  1220 | D:2      | Reached skill level 1 in Invocations
  1878 | D:2      | Reached skill level 1 in Short Blades
  1878 | D:2      | Reached skill level 1 in Long Blades
  1878 | D:2      | Reached skill level 1 in Axes
  1878 | D:2      | Reached skill level 1 in Maces & Flails
  1878 | D:2      | Reached skill level 1 in Staves
  1878 | D:2      | Reached skill level 1 in Slings
  1878 | D:2      | Reached skill level 1 in Bows
  1878 | D:2      | Reached skill level 1 in Crossbows
  1878 | D:2      | Reached skill level 1 in Throwing
  1878 | D:2      | Reached skill level 1 in Armour
  1878 | D:2      | Reached skill level 1 in Dodging
  1878 | D:2      | Reached skill level 1 in Stealth
  1878 | D:2      | Reached skill level 1 in Shields
  1878 | D:2      | Reached skill level 1 in Unarmed Combat
  1878 | D:2      | Reached skill level 1 in Evocations
  2031 | D:2      | Noticed Sigmund
  2044 | D:2      | Killed Sigmund
  2045 | D:2      | Reached skill level 1 in Conjurations
  2045 | D:2      | Reached skill level 1 in Hexes
  2045 | D:2      | Reached skill level 1 in Summonings
  2045 | D:2      | Reached skill level 1 in Necromancy
  2045 | D:2      | Reached skill level 1 in Translocations
  2045 | D:2      | Reached skill level 1 in Transmutations
  2045 | D:2      | Reached skill level 1 in Ice Magic
  2045 | D:2      | Reached skill level 1 in Air Magic
  2045 | D:2      | Reached skill level 1 in Earth Magic
  2045 | D:2      | Reached skill level 1 in Poison Magic
  2045 | D:2      | Reached XP level 4. HP: 26/41 MP: 1/8
  2045 | D:2      | Reached XP level 5. HP: 29/47 MP: 1/9
  2737 | D:3      | Found a hazy altar of Hepliaklqana.
  3169 | D:3      | Learned a level 2 spell: Scorch
  3216 | D:3      | Reached XP level 6. HP: 44/53 MP: 5/11
  3878 | D:4      | Found Xeill's General Store.
  3884 | D:4      | Bought a scroll of identify for 20 gold pieces
  3939 | D:4      | Noticed Ijyb
  4137 | D:5      | Entered Level 5 of the Dungeon
  4440 | D:5      | Found a sparkling altar of Nemelex Xobeh.
  4478 | D:5      | Found a bloodstained altar of Trog.
  4491 | D:5      | Reached XP level 7. HP: 57/59 MP: 3/12
  4803 | D:4      | Found a staircase to the Ecumenical Temple.
  4989 | D:4      | Identified the +4 chain mail of Abstinence {Dex+6}
  4990 | D:4      | Found a broken altar of Ashenzari.
  5004 | D:4      | Killed Ijyb
  5384 | D:4      | Found an ancient bone altar of Kikubaaqudgha.
  5397 | Temple   | Entered the Ecumenical Temple
  6861 | D:6      | Found Riyqusism's General Store.
  7035 | D:6      | Noticed a boulder beetle
  7050 | D:6      | Killed a boulder beetle
  7051 | D:6      | Reached XP level 8. HP: 67/67 MP: 12/14
  7359 | D:6      | Found a snail-covered altar of Cheibriados.
  7534 | D:6      | Found a glowing golden altar of the Shining One.
  8612 | D:7      | Noticed a hornet
  8618 | D:7      | Paralysed by a hornet for 1 turns
  8618 | D:7      | Noticed a shadow
  8620 | D:7      | Slain by a hornet

Illustrated notes

Levels and vault maps discovered:
D:1:      dpeg_arrival_lava_altar, layout_basic,
          nicolae_ecumenical_snake_handling
D:2:      layout_loops_ring, uniq_sigmund
D:3:      layout_loops_corners, worldfamousw_hep_ancestral_shrine
D:4:      layout_cave_pools, mainiacjoe_overflow_concentric_impassable,
          mainiacjoe_overflow_boulevard, minmay_temple_entry_slanted,
          serial_shops, nicolae_shop_statue_plus, uniq_ijyb
D:5:      layout_cave_pools, nemelex_spade_bored_becter, bloody_trog
D:6:      layout_basic, nicolae_overflow_hidden_temple,
          overflow_temple_1_default, nicolae_take_the_stairs,
          hangedman_decor_diamond_cutter
D:7:      cheibrodos_quashed, layout_loops_ring, jmf_multi_god_temple2
Temple:   nicolae_temple_hex_pool

Skill      XL: |  1  2  3  4  5  6  7  8 |
---------------+-------------------------+-----
Invocations    | 1 2 3 4 |  4.1
Short Blades   | 1 2 3 |  3.7
Long Blades    | 1 2 3 |  3.7
Axes           | 1 2 3 |  3.7
Maces & Flails | 1 2 3 |  3.7
Staves         | 1 2 3 |  3.7
Slings         | 1 2 3 |  3.7
Bows           | 1 2 3 |  3.7
Crossbows      | 1 2 3 |  3.7
Throwing       | 1 2 3 |  3.7
Armour         | 1 2 3 |  3.7
Dodging        | 1 2 3 |  3.7
Stealth        | 1 2 3 |  3.7
Shields        | 1 2 3 |  3.7
Unarmed Combat | 1 2 3 |  3.7
Evocations     | 1 2 3 |  3.7
Spellcasting   | 3 4 |  4.7
Conjurations   | 1 2 3 |  3.0
Hexes          | 1 2 3 |  3.0
Summonings     | 1 2 3 |  3.0
Necromancy     | 1 2 3 |  3.0
Translocations | 1 2 3 |  3.0
Transmutations | 1 2 3 |  3.0
Ice Magic      | 1 2 3 |  3.0
Air Magic      | 1 2 3 |  3.0
Earth Magic    | 1 2 3 |  3.0
Poison Magic   | 1 2 3 |  3.0
Fighting       | 7 |  7.6
Polearms       | 7 |  7.6
Fire Magic     | 6 |  6.3

Action                   |  1- 3 |  4- 6 |  7- 9 || total
-------------------------+-------+-------+-------++-------
Melee: Spear             |    46 |    49 |    32 ||   127
       Bite              |     7 |     7 |       ||    14
Throw: Stone             |     9 |     3 |       ||    12
       Dart              |       |       |     3 ||     3
       Throwing net      |       |       |     1 ||     1
 Cast: Scorch            |    15 |    31 |    58 ||   104
Invok: Foxfire Swarm     |     2 |       |       ||     2
       Fiery Armour      |     1 |       |       ||     1
Evoke: Wand              |       |       |     8 ||     8
  Use: Scroll            |       |     6 |     7 ||    13
Armor: Robe              |    12 |       |       ||    12
       Ring mail         |       |    19 |    42 ||    61
Dodge: Dodged            |    39 |    39 |    41 ||   119
